 Dungeon Crawl Stone Soup version 0.28.0-53-g5a82cb258f (webtiles) character file.

Game seed: 406066304432048353

718 Plasmagod the Changer (level 7, -1/49 (55) HPs)
             Began as a White Draconian Transmuter on Aug 2, 2022.
             Was an Initiate of Wu Jian.
             Slain by a wight
             ... wielding a +3 mace
              (2 damage)
             ... in an ossuary.
             The game lasted 00:10:59 (5327 turns).

Plasmagod the Changer (White Draconian Transmuter)  Turns: 5327, Time: 00:11:00

HP:   -1/49 (55)    AC:  7    Str: 12    XL:     7   Next: 42%
MP:   13/13         EV: 12    Int: 16    God:    Wu Jian [......]
Gold: 172           SH:  0    Dex: 11    Spells: 13/14 levels left

rFire   . . .      SeeInvis .   o - +2 short sword (venom)
rCold   + . .      Faith    .   (no shield)
rNeg    . . .      Spirit   .   (armour unavailable)
rPois   .          Reflect  .   (helmet currently unavailable)
rElec   .          Harm     .   (no cloak)
rCorr   .          Rampage  .   f - +0 pair of gloves
Will    .....                   (boots currently unavailable)
Stlth   +.........              (no amulet)
HPRegen 0.16/turn               (no ring)
MPRegen 0.13/turn               (no ring)

@: appendages (expiring), heavily drained
A: horns 2, talons 2, breathe frost, AC +6, unfitting armour, cold resistance 1,
cold-blooded
a: Breathe Frost, End Transformation, Renounce Religion


You were in an ossuary.
You worshipped Wu Jian.
Wu Jian was noncommittal.
You had temporarily grown beastly horns and talons.
You visited 1 branch of the dungeon, and saw 5 of its levels.
You also visited: Ossuary.

You collected 172 gold pieces.

Inventory:

Hand Weapons
 o - a +2 short sword of venom (weapon)
Missiles
 l - 3 poisoned darts
Armour
 f - a +0 pair of gloves (worn)
Jewellery
 c - a ring of magical power
 d - a ring of flight
Wands
 m - a wand of flame (56)
Scrolls
 e - 4 scrolls of vulnerability
 h - a scroll of torment
 j - 4 scrolls of identify
 k - 3 scrolls of brand weapon {unknown}
 p - 3 scrolls of noise
 r - a scroll of holy word {unknown}
 v - a scroll of teleportation
Potions
 a - 3 potions of curing
 b - a potion of mutation {unknown}
 g - a potion of lignification {unknown}
 i - 3 potions of haste {unknown}
 n - a potion of might {unknown}
 q - 2 potions of degeneration {unknown}
 s - a potion of brilliance {unknown}
 t - a potion of heal wounds {unknown}
 u - 2 potions of berserk rage {unknown}


   Skills:
 - Level 2.2 Fighting
 - Level 2.4 Dodging
 - Level 3.5 Unarmed Combat
 + Level 4.4 Spellcasting
 + Level 4.8 Transmutations
 + Level 4.6 Ice Magic


You had 13 spell levels left.
You knew the following spells:

 Your Spells              Type           Power      Damage    Failure   Level
a - Beastly Appendage     Tmut           36%        N/A       2%          1

Your spell library contained the following spells:

 Spells                   Type           Power      Damage    Failure   Level
 Wereblood                Tmut           18%        N/A       3%          2
 Spider Form              Tmut/Pois      11%        N/A       19%         3
 Ice Form                 Ice/Tmut       18%        N/A       22%         4
 Gell's Gravitas          Tloc           3%         N/A       43%         3
 Lesser Beckoning         Tloc           3%         N/A       43%         3
 Teleport Other           Tloc           3%         N/A       43%         3


Dungeon Overview and Level Annotations

Branches:
Dungeon (5/15)            Ossuary (1/1)
 Temple: D:4-7

Altars:
Gozag
Nemelex Xobeh
Wu Jian

Shops:
D:3 ??

Annotations:
D:4 Edmund


Innate Abilities, Weirdness & Mutations

You have temporarily grown beastly horns and talons.
You can breathe waves of freezing cold which knock back foes.
Your icy white scales are hard. (AC +6)
You cannot fit into any form of body armour.
Your flesh is cold resistant. (rC+)
You are cold-blooded and may be slowed by cold attacks.


Message History

The wight is lightly damaged.
The wight hits you with a +3 mace.
You hit the wight but do no damage. Your headbutt misses the wight.
Your tail-slap misses the wight.
The wight is lightly damaged.
The wight hits you with a +3 mace!
You feel drained.
You barely miss the wight. Your kick misses the wight.
The wight is lightly damaged.
The wight hits you with a +3 mace.
You hit the wight. Your headbutt misses the wight.
The wight is moderately damaged.
The wight hits you with a +3 mace.
You completely miss the wight. You claw the wight.
The wight is moderately damaged.
Your transformation is almost over.
The wight closely misses you. The wight hits you with a +3 mace.
You feel drained.
You hit the wight but do no damage.
The wight is moderately damaged.
The wight barely misses you.
You hit the wight. Your kick misses the wight. You tail-slap the wight.
The wight is heavily damaged.
The wight hits you with a +3 mace!
* * * LOW HITPOINT WARNING * * *
You feel drained.
* * * LOW HITPOINT WARNING * * *
You hit the wight. You claw the wight.
The wight is severely damaged.
The wight hits you but does no damage.
You hit the wight but do no damage. You tail-slap the wight.
The wight is almost destroyed.
The wight hits you with a +3 mace.
* * * LOW HITPOINT WARNING * * *
You barely miss the wight. Your kick misses the wight.
Your headbutt misses the wight.
Your tail-slap misses the wight.
The wight is almost destroyed.
The wight hits you with a +3 mace.
* * * LOW HITPOINT WARNING * * *
You feel drained.
You die...

# #...............#
###.###.......###.#
..'.#z#.......#z#.#
###.###.......###.#
# #...............#
# #.###..###..###.#
#.#.#..#z#..#.#.#
#.)##..###..##z.#
#.............@.#
#################


You could see a wight.

Vanquished Creatures
  Eustachio (D:5)
  A black bear (D:4)
  A necrophage (D:5)
  A water moccasin skeleton (D:5)
  A wight (Ossuary)
  A centaur zombie (D:4)
  A bullfrog zombie (D:3)
  A jelly (D:3)
  An iguana (D:4)
  A mummy (D:4)
  A hound skeleton (D:3)
  Robin (D:2)
  7 adders
  A howler monkey skeleton (D:4)
  An ufetubus (D:4)
  A worm (D:4)
  4 dart slugs
  An orc (D:3)
  3 bats
  3 giant cockroaches
  5 goblins
  9 hobgoblins
  3 jackals (D:1)
  2 quokkas (D:2)
  8 ball pythons
  4 kobolds
  3 kobold zombies (D:4)
  An orc zombie (D:4)
  4 rats
72 creatures vanquished.

Notes
Turn   | Place    | Note
-------+----------+-------------------------------------------
     0 | D:1      | Plasmagod the Draconian Transmuter began the quest for the
                  | Orb.
     0 | D:1      | Reached XP level 1. HP: 16/16 MP: 3/3
   219 | D:1      | Found a faded altar of an unknown god.
   590 | D:1      | Reached XP level 2. HP: 23/23 MP: 0/5
   870 | D:2      | Found a sparkling altar of Nemelex Xobeh.
   965 | D:2      | Reached XP level 3. HP: 16/29 MP: 6/6
  1598 | D:2      | Noticed Robin
  1610 | D:2      | Killed Robin
  1611 | D:2      | Reached XP level 4. HP: 20/36 MP: 7/7
  2163 | D:3      | Found an ornate altar of the Wu Jian Council.
  2177 | D:3      | Became a worshipper of the Wu Jian Council
  2470 | D:3      | Found Loxi Uts's Magic Scroll Shoppe.
  2504 | D:3      | Found Uhoec's Magic Scroll Shoppe.
  2569 | D:3      | Reached skill level 1 in Ice Magic
  2569 | D:3      | Reached XP level 5. HP: 4/41 MP: 9/9
  3270 | D:3      | Found an opulent altar of Gozag.
  3270 | D:3      | Found a sparkling altar of Nemelex Xobeh.
  3545 | D:4      | Noticed Edmund
  3803 | D:4      | Reached XP level 6. HP: 46/48 MP: 11/11
  4580 | D:5      | Entered Level 5 of the Dungeon
  4679 | D:5      | Noticed Eustachio
  4693 | D:5      | Killed Eustachio
  4694 | D:5      | Your scales start taking on an icy white colour.
  4694 | D:5      | Reached XP level 7. HP: 18/55 MP: 11/13
  4694 | D:5      | Gained mutation: Your flesh is cold resistant. (rC+) [White
                  | Draconian growth]
  5069 | D:5      | Found a sand-covered staircase.
  5074 | Ossuary  | Entered an ossuary
  5242 | Ossuary  | Noticed a wraith
  5242 | Ossuary  | Noticed a flying skull
  5252 | Ossuary  | Noticed a flying skull
  5254 | Ossuary  | Noticed a flying skull
  5290 | Ossuary  | Noticed a flying skull
  5327 | Ossuary  | HP: 1/50 [wight/+3 mace (5)]
  5327 | Ossuary  | Slain by a wight

Illustrated notes

Levels and vault maps discovered:
D:1:      zaba_arrival_water, layout_basic,
          shapermc_ecumenical_altar_starsandcircs, minmay_tripent
D:2:      layout_rooms, basic_altar, uniq_robin
D:3:      layout_loops_corners, grunt_temple_overflow_opulence,
          mainiacjoe_overflow_small_starburst, serial_shops, shop_scrolls, shop
D:4:      layout_basic, minmay_misc_feat_tower, chequers_serial_rivers_small_a,
          hex_medium, minmay_mini_ossuary, uniq_edmund
D:5:      layout_basic, enter_ossuary_2, uniq_eustachio
Ossuary:  ossuary_due_cavern

Skill      XL: |  1  2  3  4  5  6 |
---------------+-------------------+-----
Dodging        | 2 |  2.4
Fighting       | 2 |  2.2
Spellcasting   | 3 4 |  4.4
Transmutations | 3 4 |  4.8
Ice Magic      | 1 2 4 |  4.6
Unarmed Combat | |  3.5

Action                   |  1- 3 |  4- 6 |  7- 9 || total
-------------------------+-------+-------+-------++-------
Melee: Unarmed           |    86 |    41 |       ||   127
       Kick              |    23 |    31 |     7 ||    61
       Tailslap          |     6 |    19 |     5 ||    30
       Headbutt          |     4 |    12 |     6 ||    22
       Punch             |     2 |     1 |     1 ||     4
       Short sword       |       |   105 |    28 ||   133
 Cast: Beastly Appendage |    18 |    23 |     3 ||    44
Invok: Lunge             |       |     7 |       ||     7
 Abil: Breathe Frost     |       |       |     1 ||     1
  Use: Scroll            |       |     8 |       ||     8
 Stab: Sleeping          |     1 |       |       ||     1
Armor: Skin              |    24 |    57 |     4 ||    85
Dodge: Dodged            |    53 |    97 |    13 ||   163
